 Dungeon Crawl Stone Soup version 0.20-a0-443-g0464b71 (webtiles) character file.

93279 terra53 the Archer (level 15, -1/119 HPs)
             Began as a Demonspawn Arcane Marksman on Jan 7, 2017.
             Was a Follower of Lugonu.
             Slain by an anaconda (10 damage)
             ... on level 3 of the Snake Pit.
             The game lasted 04:25:07 (33609 turns).

terra53 the Archer (Demonspawn Arcane Marksman)    Turns: 33609, Time: 04:25:08

Health: -1/119     AC: 19    Str: 15    XL:     15   Next: 60%
Magic:  23/31      EV: 17    Int: 21    God:    Lugonu [*.....]
Gold:   501        SH:  5    Dex: 15    Spells: 3/38 levels left

rFire  + . .     SeeInvis +     P - +4 scimitar (elec)
rCold  + . .     Gourm    .     Q - +2 steam dragon scales
rNeg   . . .     Faith    .     (no shield)
rPois  +         Spirit   .     E - +1 hat of the Barnacle {rPois rF+ Dex+2 Slay+3}
rElec  +         Reflect  +     g - +2 cloak
rCorr  +         Harm     .     t - +0 pair of gloves of Wisdom {*Contam Str+4}
MR     +....                    (boots unavailable)
Stlth  +++.......               V - +5 amulet of reflection
                                C - ring of resist corrosion
                                x - +4 ring of protection

@: drained
A: talons 3, rugged brown scales 2, see invisible, cold resistance 1, demonic
guardian 2, powered by death 2, electricity resistance, freezing cloud immunity
a: Depart the Abyss, Renounce Religion


You were on level 3 of the Snake Pit.
You worshipped Lugonu.
Lugonu was aware of your devotion.
You were very hungry.

You visited 7 branches of the dungeon, and saw 29 of its levels.
You visited the Abyss 1 time.
You visited 1 bazaar.

You collected 2915 gold pieces.
You spent 2414 gold pieces at shops.

Inventory:

Hand Weapons
 r - the +2 longbow of Noon {venom, rElec MR- Int+8}
   (Okawaru gifted it to you on level 5 of the Lair of Beasts)

   It poisons the ammo it fires.
   It affects your intelligence (+8).
   It insulates you from electricity.
   It affects your resistance to hostile enchantments.
 N - a +2 triple sword of venom
 P - a +4 scimitar of electrocution (weapon)
 T - a +0 longbow of flaming
Missiles
 d - 628 arrows
Armour
 b - a +2 pair of gloves
 g - a +2 cloak (worn)
 t - the +0 pair of gloves of Wisdom (worn) {*Contam Str+4}
   (Okawaru gifted it to you on level 2 of the Snake Pit)

   It affects your strength (+4).
   It causes magical contamination when unequipped.
 E - the +1 hat of the Barnacle (worn) {rPois rF+ Dex+2 Slay+3}
   (Okawaru gifted it to you on level 13 of the Dungeon)

   It affects your dexterity (+2).
   It affects your accuracy and damage with ranged weapons and melee attacks
   (+3).
   It protects you from fire.
   It protects you from poison.
 Q - +2 steam dragon scales (worn)
Jewellery
 x - a +4 ring of protection (left hand)
 C - a ring of resist corrosion (right hand)
 V - a +5 amulet of reflection (around neck)
 Z - a +3 ring of strength
Wands
 i - a wand of polymorph (6/24)
 o - a wand of lightning (5/15)
 w - a wand of confusion (25/48)
 U - a wand of iceblast (8/15)
Scrolls
 e - a scroll of amnesia
 h - a scroll of fog
 n - 7 scrolls of teleportation
 q - 3 scrolls of summoning
 v - 13 scrolls of remove curse
 y - a scroll of recharging
 X - a scroll of magic mapping
Potions
 k - 6 potions of curing
 l - 5 potions of heal wounds
 p - 2 potions of cancellation
 F - 2 potions of brilliance
 H - 2 potions of invisibility
 K - 2 potions of might
 L - 4 potions of flight
 O - a potion of ambrosia
 W - a potion of agility
Books
 c - a book of Spatial Translocations

   Spells                             Type                      Level
   a - Blink                          Translocation                2
   b - Shroud of Golubria             Charms/Translocation         2
   c - Lesser Beckoning               Translocation                3
   d - Portal Projectile              Translocation                3
   e - Teleport Other                 Translocation                3
   f - Passage of Golubria            Translocation                4
 I - a book of Misfortune

   Spells                             Type                      Level
   a - Confusing Touch                Hexes                        1
   b - Confuse                        Hexes                        3
   c - Gell's Gravitas                Hexes/Translocation          3
   d - Petrify                        Transmutation/Earth          4
   e - Metabolic Englaciation         Hexes/Ice                    5
   f - Yara's Violent Unravelling     Hexes/Transmutation          5
Miscellaneous
 a - a crystal ball of energy
 j - a phial of floods
 u - a phantom mirror
Comestibles
 f - 9 bread rations
 m - 14 meat rations
 s - 7 slices of pizza
 z - a beef jerky
 S - 7 fruits


   Skills:
 + Level 9.4(9.3) Fighting
   Level 0.5(3.5) Short Blades
 + Level 5.6 Long Blades
 + Level 12.5 Bows
 + Level 4.3 Armour
 + Level 7.4 Dodging
 + Level 4.0 Stealth
 + Level 12.3(12.2) Spellcasting
   Level 0.6(0.5) Conjurations
 + Level 12.4 Hexes
 + Level 1.3 Charms
 + Level 6.0 Summonings
 + Level 1.4(1.3) Fire Magic
 + Level 2.2 Ice Magic
 + Level 2.1 Air Magic
   Level 0.1 Earth Magic
 + Level 4.0(3.9) Invocations
 + Level 1.1(1.0) Evocations


You had 3 spell levels left.
You knew the following spells:

 Your Spells              Type           Power        Failure   Level  Hunger
a - Corona                Hex            ######.      1%          1    None
b - Slow                  Hex            ######..     1%          2    None
c - Summon Lightning Spi  Summ/Air       ####....     12%         4    None
d - Inner Flame           Hex/Fire       #####...     1%          3    None
e - Cause Fear            Hex            ######....   1%          4    None
f - Summon Ice Beast      Ice/Summ       ####....     12%         4    None
g - Portal Projectile     Tloc           ##....       17%         3    None
h - Ozocubu's Armour      Chrm/Ice       ###.....     10%         3    None
i - Tukima's Dance        Hex            ######..     1%          3    None
j - Summon Butterflies    Summ           #####...     1%          1    None
k - Repel Missiles        Chrm/Air       ###...       4%          2    None
l - Swiftness             Chrm/Air       ###.....     4%          2    None
m - Confuse               Hex            ######..     1%          3    None


Dungeon Overview and Level Annotations

Branches:
Dungeon (14/15)            Temple (1/1) D:5            Lair (6/6) D:8
  Swamp (2/4) Lair:3        Snake (3/4) Lair:3        Slime (1/5) Lair:5
    Orc (2/2) D:12            Elf (0/3) Orc:2
 Vaults: D:13-14

Altars:
Ashenzari
Cheibriados
Dithmenos
Elyvilon
Fedhas
Gozag
Hepliaklqana
Kikubaaqudgha
Makhleb
Nemelex Xobeh
Okawaru
Qazlal
Ru
Sif Muna
Trog
Uskayaw
Vehumet
Xom
Yredelemnul
Zin
The Shining One
Beogh
Jiyva

Shops:
D:7 [   D:8 (==   D:12 *!!   Orc:2 }:?(   Snake:1 =}=

Portals:
Trove: D:10 (give 2 scrolls of acquirement)

Annotations:
Swamp:2 Donald


Innate Abilities, Weirdness & Mutations

You have claws for feet.
You are mostly covered in rugged brown scales. (AC +2, +5% HP)
Your flesh is cold resistant. (rC+)
A demonic guardian rushes to your aid.
You regenerate health from kills.
You are immune to freezing clouds.
You have supernaturally acute eyesight. (SInv)
You are resistant to electric shocks. (rElec)


Message History

The anaconda misses you.
* * * LOW HITPOINT WARNING * * *
The anaconda constricts you. The anaconda misses you.
You riposte.
You slash the anaconda! Your kick misses the anaconda.
The anaconda is moderately wounded.
You escape the anaconda's grasp.
The anaconda misses you.
You riposte.
You closely miss the anaconda. Your kick misses the anaconda.
The anaconda closely misses you. x2; The anaconda bites you!
* * * LOW HITPOINT WARNING * * *
The anaconda grabs you. You block the anaconda's attack.
The anaconda constricts you.
You escape the anaconda's grasp.
The anaconda grabs you. The anaconda closely misses you.
* * * LOW HITPOINT WARNING * * *
The anaconda constricts you.
The anaconda bites you but does no damage.
The anaconda constricts you.
You escape the anaconda's grasp.
The anaconda misses you. The anaconda bites you!
You die...

###### #....# #....#
#....# #....# #....#
#....## #..@..+
#.SS.## #..SS#
♣♣≈...##
#P♣≈P....##########
#P≈P≈..............#
#≈≈≈≈..............#
#≈P≈≈≈.............#
##P≈≈P............†#


You could see 3 anacondas and a mana viper.

Vanquished Creatures
  An acid blob (Slime:1)
  2 nagarajas (Snake:2)
  Louise (Snake:2)
  Aizul (Swamp:1)
  A fire dragon (Lair:6)
  3 hydras
  A centaur warrior (D:13)
  A two-headed ogre (D:11)
  4 alligators
  2 shock serpents
  A naga sharpshooter (Snake:1)
  A wizard (D:14)
  A lindwurm (Lair:5)
  An ugly thing (D:12)
  A necromancer (D:14)
  A manticore (D:13)
  7 orc sorcerers
  A salamander (Snake:1)
  2 cyclopes
  21 black mambas
  4 elephants
  8 naga magi
  A guardian serpent (Snake:3)
  13 spiny frogs
  Psyche (D:8)
  5 torpor snails (Lair:6)
  A kobold demonologist (D:13)
  3 rime drakes
  9 komodo dragons
  5 trolls
  2 polar bears (Lair:4)
  6 tyrant leeches
  4 bog bodies
  A dream sheep (Lair:5)
  10 hornets
  13 blink frogs
  6 hippogriffs
  6 slime creatures
  A spriggan (Swamp:1)
  A shadow (Swamp:1)
  A vampire (D:12)
  3 wraiths
  A wyvern (Lair:4)
  8 humans
  16 yaks
  A hungry ghost (D:13)
  3 steam dragons
  7 vampire mosquitoes
  Edmund (D:6)
  8 swamp worms
  2 acid dragons
  8 nagas
  An insubstantial wisp (Lair:1)
  11 water moccasins
  A soldier ant (D:12)
  15 orc warriors
  10 porcupines
  3 sky beasts
  5 necrophages
  4 phantoms
  22 wolves
  22 centaurs
  11 ogres
  The ghost of Kortx the Shield-Bearer, an amateur FoFi (D:4)
  10 crocodiles
  13 bullfrogs
  9 big kobolds
  2 gnoll sergeants
  3 scorpions
  4 electric eels (D:8)
  3 howler monkeys
  5 wights
  4 crimson imps
  A centaur zombie (D:10)
  3 jellies
  A bullfrog zombie (D:9)
  Crazy Yiuf (D:6)
  11 hounds
  9 orc priests
  23 orc wizards
  2 centaur skeletons
  12 iguanas
  10 worker ants
  A hound skeleton (D:11)
  A worker ant zombie (D:9)
  5 gnolls
  A howler monkey skeleton (D:8)
  10 adders
  4 shadow imps
  An ooze (D:1)
  8 worms
  3 dart slugs
  5 leopard geckos
  68 orcs
  9 bats
  5 giant cockroaches
  13 goblins
  10 hobgoblins
  27 kobolds
  3 quokkas
  4 ball pythons
  3 frilled lizards (D:1)
  A jackal zombie (D:6)
  3 rats
630 creatures vanquished.

Vanquished Creatures (collateral kills)
  A nagaraja (Snake:2)
  An orc warlord (Orc:1)
  Erolcha (Orc:2)
  4 hydras
  A vault guard (D:13)
  A fire dragon (Lair:6)
  2 naga warriors (Snake:1)
  A ghost crab (Swamp:1)
  4 two-headed ogres
  An anaconda (Snake:1)
  2 ogre magi (Orc:2)
  2 alligators (Swamp:2)
  A naga sharpshooter (Snake:1)
  An orc high priest (Orc:1)
  A spriggan (Swamp:2)
  A naga ritualist (Snake:1)
  Pikel (D:5)
  3 swamp dragons
  A lindwurm (Lair:6)
  An orc knight (Orc:1)
  An orc sorcerer (Orc:2)
  A manticore (D:12)
  A salamander (Snake:2)
  2 slime creatures
  Maurice (D:9)
  4 black mambas
  A naga mage (Snake:2)
  4 elephants
  A gargoyle (D:11)
  A centaur skeleton (D:11)
  A komodo dragon (Lair:6)
  A rime drake (Lair:6)
  A tyrant leech (Lair:6)
  A troll (D:8)
  A hornet (Swamp:2)
  7 blink frogs
  Prince Ribbit (D:5)
  3 dream sheep (Lair:5)
  Sigmund (D:6)
  22 yaks
  6 humans (D:14)
  4 vampire mosquitoes
  A hungry ghost (D:7)
  A steam dragon (Lair:6)
  A basilisk (Lair:6)
  3 wargs (Orc:1)
  5 nagas
  A water moccasin (D:8)
  9 orc warriors
  2 swamp drakes
  A slave (D:4)
  A necrophage (D:5)
  2 black bears (D:8)
  3 wolves
  6 ogres
  2 centaurs
  A crocodile (Lair:6)
  2 big kobolds
  Blork the orc (D:7)
  4 bullfrogs
  A wight (D:8)
  3 orc priests
  9 orc wizards
  A worker ant (D:6)
  An adder (D:12)
  15 orcs
  A ball python (Lair:3)
  A jackal skeleton (D:8)
  A fungus (Lair:6)
176 creatures vanquished.

Vanquished Creatures (others)
  10 dancing weapons
  An orc warrior (Orc:1)
  A quasit (D:5)
  3 fulminant prisms
  9 fungi
  25 plants
49 creatures vanquished.

Grand Total: 855 creatures vanquished

Notes
Turn   | Place    | Note
-------+----------+-------------------------------------------
     0 | D:1      | terra53 the Demonspawn Arcane Marksman began the quest for the Orb.
     0 | D:1      | Reached XP level 1. HP: 15/15 MP: 2/2
   278 | D:1      | Gained mutation: A weak demonic guardian rushes to your aid. [demonic ancestry]
   278 | D:1      | Reached XP level 2. HP: 12/21 MP: 3/3
   656 | D:1      | Learned a level 2 spell: Slow
  1144 | D:2      | Reached XP level 3. HP: 26/26 MP: 2/5
  2174 | D:2      | Found a shadowy altar of Dithmenos.
  2287 | D:2      | Found a blossoming altar of Fedhas.
  2287 | D:2      | Found a deep blue altar of Sif Muna.
  2365 | D:3      | Gained mutation: You are partially covered in rugged brown scales. (AC +1, +3% HP) [demonic ancestry]
  2365 | D:3      | Reached XP level 4. HP: 26/32 MP: 0/6
  3454 | D:4      | Gained mutation: You regenerate a little health from kills. [demonic ancestry]
  3454 | D:4      | Reached XP level 5. HP: 38/38 MP: 5/8
  3602 | D:4      | Found a glowing golden altar of the Shining One.
  3610 | D:4      | Noticed Kortx's ghost (amateur FoFi)
  3643 | D:5      | Entered Level 5 of the Dungeon
  3694 | D:5      | Noticed a slave
  3695 | D:5      | Noticed Pikel
  3695 | D:5      | Noticed a slave
  3695 | D:5      | Noticed a slave
  3695 | D:5      | Noticed a slave
  3819 | D:4      | Killed a slave
  4089 | D:3      | Learned a level 3 spell: Gell's Gravitas
  4093 | D:3      | Learned a level 3 spell: Inner Flame
  4142 | D:5      | Killed Pikel
  4142 | D:5      | Reached skill level 5 in Hexes
  4142 | D:5      | Gained mutation: You have sharp toenails. [demonic ancestry]
  4142 | D:5      | Reached XP level 6. HP: 36/45 MP: 4/11
  4323 | D:5      | Gained mutation: You are mostly covered in rugged brown scales. (AC +2, +5% HP) [demonic ancestry]
  4323 | D:5      | Reached XP level 7. HP: 45/51 MP: 7/12
  4370 | D:5      | Found a staircase to the Ecumenical Temple.
  4376 | Temple   | Entered the Ecumenical Temple
  4850 | D:6      | Learned a level 4 spell: Cause Fear
  4860 | D:6      | Reached skill level 1 in Stealth
  4951 | D:6      | Noticed Edmund
  5027 | D:6      | Noticed Prince Ribbit
  5094 | D:5      | Gained mutation: You have razor-sharp toenails. [demonic ancestry]
  5094 | D:5      | Reached XP level 8. HP: 36/58 MP: 2/15
  5097 | D:5      | Killed Prince Ribbit
  5097 | D:5      | Reached skill level 5 in Spellcasting
  5189 | D:6      | Found a runed door.
  5194 | D:6      | Noticed Crazy Yiuf
  5218 | D:6      | Killed Crazy Yiuf
  5681 | D:6      | Noticed Sigmund
  5697 | D:6      | Killed Edmund
  6368 | D:6      | Killed Sigmund
  6889 | D:7      | Found Biwkoch's Antique Armour Shoppe.
  6891 | D:7      | Noticed a hippogriff
  6898 | D:7      | Killed a hippogriff
  6903 | D:7      | Bought a glowing leather armour for 216 gold pieces
  6964 | D:7      | Got a pitted whip
  6965 | D:7      | Identified the +4 whip of Havoc {slash, *Slow rC+ Int+5} (You found it on level 7 of the Dungeon)
  7029 | D:7      | Gained mutation: A demonic guardian rushes to your aid. [demonic ancestry]
  7029 | D:7      | Reached XP level 9. HP: 67/67 MP: 17/17
  7048 | D:7      | Noticed Blork the orc
  7054 | D:7      | Killed Blork the orc
  7054 | D:7      | Reached skill level 5 in Bows
  7170 | D:7      | Learned a level 4 spell: Leda's Liquefaction
  7376 | D:7      | Found a burning altar of Makhleb.
  7474 | D:8      | Found Fazareb's Jewellery Emporium.
  7603 | D:8      | Found a bloodstained altar of Trog.
  7618 | D:8      | Found a runed door.
  7633 | D:8      | Noticed a troll
  7806 | D:8      | Killed a troll
  7880 | D:8      | Reached skill level 1 in Armour
  7908 | D:8      | Found a staircase to the Lair.
  7948 | D:8      | Noticed a two-headed ogre
  7957 | D:8      | Killed a two-headed ogre
  8437 | D:8      | Found Huegodgh's Weapon Emporium.
  8440 | D:8      | Bought 25 arrows for 75 gold pieces
  8530 | D:8      | Found a runed door.
  8585 | D:8      | Reached XP level 10. HP: 68/75 MP: 18/20
  8685 | D:8      | Reached skill level 1 in Fire Magic
  8831 | D:8      | Noticed a two-headed ogre
  8839 | D:8      | Killed a two-headed ogre
  8839 | D:8      | Reached skill level 5 in Dodging
  8852 | D:8      | Found Uthepn's Jewellery Emporium.
  9528 | D:4      | Found an iron altar of Okawaru.
  9542 | D:4      | Became a worshipper of Warmaster Okawaru
  9762 | D:4      | Killed Kortx's ghost
  9870 | D:9      | Reached skill level 1 in Long Blades
  9976 | D:9      | Noticed Psyche
 10008 | D:8      | Killed Psyche
 10008 | D:8      | Reached * piety under Okawaru
 10008 | D:8      | Reached skill level 5 in Fighting
 10351 | D:9      | Noticed a two-headed ogre
 10358 | D:9      | Killed a two-headed ogre
 10358 | D:9      | Reached ** piety under Okawaru
 10358 | D:9      | Reached skill level 1 in Evocations
 10484 | D:9      | Noticed Maurice
 10501 | D:9      | Killed Maurice
 10594 | D:9      | Found a white marble altar of Elyvilon.
 10602 | D:9      | Reached *** piety under Okawaru
 10673 | D:9      | Received a gift from Okawaru
 10789 | D:9      | Gained mutation: You regenerate health from kills. [demonic ancestry]
 10789 | D:9      | Reached XP level 11. HP: 71/84 MP: 16/22
 11333 | D:10     | Entered Level 10 of the Dungeon
 11543 | D:10     | Found a portal to a secret trove of treasure.
 12132 | D:10     | Learned a level 4 spell: Fulminant Prism
 12286 | D:11     | Noticed a two-headed ogre
 12301 | D:11     | Killed a two-headed ogre
 12301 | D:11     | Reached **** piety under Okawaru
 12737 | D:11     | Learned a level 3 spell: Ozocubu's Armour
 12908 | D:11     | Reached ***** piety under Okawaru
 13001 | D:11     | Noticed a two-headed ogre
 13006 | D:11     | Killed a two-headed ogre
 13263 | D:12     | Found Ugoanoh's Distillery.
 13362 | D:12     | Received a gift from Okawaru
 13511 | D:8      | Bought a +3 amulet of reflection for 350 gold pieces
 13697 | D:12     | Found Mumez's Assorted Antiques.
 13729 | D:12     | Learned a level 3 spell: Tukima's Dance
 14409 | D:12     | Found a staircase to the Orcish Mines.
 14495 | D:12     | Noticed a cyan ugly thing
 14555 | D:11     | Gained mutation: Your flesh is cold resistant. (rC+) [demonic ancestry]
 14555 | D:11     | Reached XP level 12. HP: 92/92 MP: 9/25
 14557 | D:11     | Reached skill level 10 in Hexes
 14687 | D:12     | Learned a level 1 spell: Summon Butterflies
 14786 | D:12     | Found Diucil's Distillery.
 15106 | D:13     | Received a gift from Okawaru
 15136 | D:13     | Got a steaming hat {god gift}
 15147 | D:13     | Identified the +1 hat of the Barnacle {rPois rF+ Dex+2 Slay+3} (Okawaru gifted it to you on level 13 of the Dungeon)
 15285 | D:13     | Found a flickering gateway to a bazaar.
 15295 | Bazaar   | Entered a bazaar
 15295 | Bazaar   | Found Udyat's Magic Scroll Shoppe.
 15295 | Bazaar   | Found Udyat's Distillery.
 15295 | Bazaar   | Found Farphewkoica's Magic Scroll Emporium.
 15297 | Bazaar   | Found Tunujima's General Store.
 15331 | Bazaar   | Bought a potion of curing for 48 gold pieces
 15331 | Bazaar   | Bought a potion of curing for 48 gold pieces
 15337 | Bazaar   | Bought 3 scrolls of identify for 66 gold pieces
 15979 | D:13     | Reached skill level 1 in Summonings
 16207 | D:13     | Noticed a centaur warrior
 16260 | D:13     | Killed a centaur warrior
 16447 | D:13     | Learned a level 2 spell: Repel Missiles
 16698 | Lair:1   | Entered Level 1 of the Lair of Beasts
 16722 | Lair:1   | Got a crude plate armour
 16994 | Lair:1   | Identified the +10 plate armour of Rois {rF- Str+4 Dex+3} (You found it on level 1 of the Lair of Beasts)
 17615 | D:14     | Reached skill level 10 in Spellcasting
 17615 | D:14     | Reached skill level 1 in Invocations
 17630 | D:14     | Got a steaming scale mail
 17638 | D:13     | Noticed a seven-headed hydra
 17659 | D:13     | Killed a seven-headed hydra
 17691 | D:13     | Identified the +1 scale mail of Afiocrao {*Drain rElec Str+6 SInv} (You found it on level 14 of the Dungeon)
 17813 | D:14     | Reached skill level 1 in Ice Magic
 17833 | D:14     | Noticed a vault guard
 17839 | D:14     | Noticed a vault guard
 17856 | D:13     | Killed a vault guard
 18148 | D:14     | Noticed a vault guard
 18247 | Orc:1    | Entered Level 1 of the Orcish Mines
 18255 | Orc:1    | Noticed an orc high priest
 18274 | Orc:1    | Received a gift from Okawaru
 18279 | Orc:1    | Killed an orc high priest
 18283 | Orc:1    | Gained mutation: You have claws for feet. [demonic ancestry]
 18283 | Orc:1    | Reached XP level 13. HP: 100/100 MP: 2/27
 18342 | Orc:1    | Noticed an orc warlord
 18666 | Lair:2   | Found an iron altar of Okawaru.
 19140 | Lair:2   | Reached ****** piety under Okawaru
 19140 | Lair:2   | Received a gift from Okawaru
 19352 | Lair:2   | Gained mutation: You have supernaturally acute eyesight. (SInv) [potion of beneficial mutation]
 19353 | Lair:2   | Gained mutation: You are resistant to electric shocks. (rElec) [potion of beneficial mutation]
 19898 | Lair:3   | Found a staircase to the Snake Pit.
 20142 | Lair:3   | Found a staircase to the Swamp.
 20183 | Lair:3   | Received a gift from Okawaru
 20566 | Lair:4   | Reached skill level 5 in Summonings
 21831 | Lair:4   | Received a gift from Okawaru
 22084 | Lair:5   | Reached skill level 10 in Bows
 22171 | Lair:5   | Received a gift from Okawaru
 22176 | Lair:5   | Got a faintly glowing longbow {god gift}
 22177 | Lair:5   | Identified the +2 longbow of Noon {venom, rElec MR- Int+8} (Okawaru gifted it to you on level 5 of the Lair of Beasts)
 22331 | Lair:5   | Learned a level 4 spell: Summon Ice Beast
 22337 | Lair:5   | Learned a level 4 spell: Summon Lightning Spire
 22340 | Lair:5   | Learned a level 2 spell: Swiftness
 22400 | Lair:5   | Found a staircase to the Slime Pits.
 22401 | Lair:5   | Found a viscous altar of Jiyva.
 22493 | Lair:5   | Reached skill level 1 in Charms
 22620 | Lair:5   | Received a gift from Okawaru
 23032 | Lair:6   | Entered Level 6 of the Lair of Beasts
 23156 | Lair:6   | Received a gift from Okawaru
 23417 | Lair:6   | Reached XP level 14. HP: 109/109 MP: 11/28
 23471 | Lair:6   | Reached skill level 1 in Air Magic
 23702 | Lair:6   | Received a gift from Okawaru
 23705 | Lair:6   | Got a heavily jewelled robe {god gift}
 23716 | Lair:6   | Identified the +1 robe of the Suburbs {+Blink rPois} (Okawaru gifted it to you on level 6 of the Lair of Beasts)
 24206 | Lair:6   | Found a runed door.
 25180 | Swamp:1  | Entered Level 1 of the Swamp
 25377 | Swamp:1  | Got a twisted plate armour
 25431 | Swamp:1  | Identified the +1 plate armour "Peqoin" {+Fly rF- Str+3} (You found it on level 1 of the Swamp)
 25453 | Swamp:1  | Received a gift from Okawaru
 25521 | Swamp:1  | Got a thick robe
 25536 | Swamp:1  | Identified the cursed +1 robe of the Falcon {Str+5} (You found it on level 1 of the Swamp)
 25858 | Swamp:1  | Noticed Aizul
 25871 | Swamp:1  | Killed Aizul
 26769 | Swamp:2  | Noticed Donald
 27204 | Swamp:2  | Received a gift from Okawaru
 27410 | Swamp:1  | Received a gift from Okawaru
 27681 | Snake:1  | Entered Level 1 of the Snake Pit
 28063 | Snake:1  | Found Asiasch's Jewellery Shoppe.
 28071 | Snake:1  | Found Ciapostro's Gadget Shop.
 28072 | Snake:1  | Found Kiqog's Jewellery Shoppe.
 28195 | Snake:1  | Reached skill level 5 in Long Blades
 28647 | Snake:1  | Gained mutation: You are immune to freezing clouds. [demonic ancestry]
 28647 | Snake:1  | Reached XP level 15. HP: 117/117 MP: 15/30
 29291 | Snake:1  | Bought a +5 amulet of reflection for 350 gold pieces
 30244 | Slime:1  | Entered Level 1 of the Pits of Slime
 30245 | Slime:1  | Noticed an acid blob
 30253 | Slime:1  | Killed an acid blob
 30651 | Orc:1    | Paralysed by an orc sorcerer for 7 turns
 30653 | Orc:1    | Killed an orc warlord
 30887 | Orc:2    | Entered Level 2 of the Orcish Mines
 30887 | Orc:2    | Found a staircase to the Elven Halls.
 30895 | Orc:2    | Learned a level 3 spell: Confuse
 31338 | Orc:2    | Found Tyobooje's Book Shoppe.
 31380 | Orc:2    | Found Solereis's Antique Weapon Emporium.
 31400 | Orc:2    | Found a radiant altar of Vehumet.
 31402 | Orc:2    | Noticed Erolcha
 31416 | Orc:2    | Killed Erolcha
 31416 | Orc:2    | Received a gift from Okawaru
 31529 | Orc:2    | Paralysed by an orc sorcerer for 7 turns
 31685 | Orc:2    | Found an ancient bone altar of Kikubaaqudgha.
 31726 | Orc:2    | Found a roughly hewn altar of Beogh.
 31726 | Orc:2    | Found Zisenodd's Gadget Emporium.
 31747 | Orc:2    | Found Umpeiveast's Magic Scroll Emporium.
 31759 | Orc:2    | Bought a scroll of identify for 26 gold pieces
 32057 | Orc:2    | Bought a book of Spatial Translocations for 650 gold pieces
 32076 | Orc:2    | Bought an ivory short sword for 240 gold pieces
 32076 | Orc:2    | Bought a transparent battleaxe for 345 gold pieces
 32077 | Orc:2    | Identified the +5 short sword "Killer Klown's Doom" {pierce, *Drain rElec rPois rC+++} (You bought it in a shop on level 2 of the Orcish Mines)
 32079 | Orc:2    | Identified the +9 battleaxe "Goblinslayer" {pain, Dex+4} (You bought it in a shop on level 2 of the Orcish Mines)
 32385 | Snake:1  | Learned a level 3 spell: Portal Projectile
 32411 | Snake:2  | Received a gift from Okawaru
 32412 | Snake:2  | Got a pair of translucent gloves {god gift}
 32423 | Snake:2  | Identified the +0 pair of gloves of Wisdom {*Contam Str+4} (Okawaru gifted it to you on level 2 of the Snake Pit)
 32560 | Snake:2  | Noticed Louise
 32564 | Snake:2  | Cast into level 3 of the Abyss (Louise)
 32564 | Abyss:3  | Found a corrupted altar of Lugonu.
 32569 | Abyss:3  | Fell from the grace of Okawaru
 32569 | Abyss:3  | Became a worshipper of Lugonu the Unformed
 32569 | Abyss:3  | Reached * piety under Lugonu
 32570 | Snake:2  | Escaped the Abyss
 32576 | Snake:2  | Killed Louise
 32665 | Snake:2  | Noticed a nagaraja
 32676 | Snake:2  | Killed a nagaraja
 33253 | Snake:2  | Noticed a nagaraja
 33273 | Snake:2  | Killed a nagaraja
 33330 | Snake:2  | Noticed a nagaraja
 33340 | Snake:2  | Killed a nagaraja
 33583 | Snake:3  | Noticed an orc warlord
 33583 | Snake:3  | Noticed a deep elf master archer
 33609 | Snake:3  | Slain by an anaconda

Vault maps used:
D:1:      lemuel_arrival_hallway, serial_bayou_crossing
D:2:      nicolae_dithmenos_through_a_glass_darkly,
          amethyst_overflow_temple_binary, item_on_display_a
D:3:      kennysheep_six_static_rooms, first_bread
D:4:      okawaru_gym_becter, tso_altar
D:5:      nicolae_ossuary_entry_false_entrances, uniq_pikel
D:6:      minmay_unpleasant_kobolds, uniq_sigmund, uniq_prince_ribbit1,
          uniq_edmund, uniq_crazy_yiuf_cottage
D:7:      makhleb_heckhound_becter, serial_glass, glass_columns_c,
          glass_columns_c, serial_shops, nicolae_shop_statue_plus,
          sword_in_stone
D:8:      cheibrodos_histonic, erik_lair_island, serial_shops, shop,
          nicolae_shop_window_shopping, kennysheep_mini, trog_ov_bears_minmay
D:9:      kennysheep_spiral_hall, old_standard_altar, blue_anna_alchemist,
          minivault_16, uniq_maurice, uniq_psyche
D:10:     enter_trove_2
D:12:     kennysheep_orc_monster_closet_entryway, serial_shops, shop,
          nicolae_shop_temple_entry_statues_fountains, shop
D:13:     serial_shops, bzr_entry_dummy
D:14:     statuecave_lemuel, grunt_vaults_entry_tiered, serial_shops,
          shop_coins, grunt_decor_one_mirror
Temple:   minmay_freezing_vapour_temple
Lair:1:   pond
Lair:2:   basic_altar, serial_bayou_lagoon_a, roderic_carrion_pond,
          infiniplex_staircase_pool_2
Lair:3:   swamp_mist_pool, minmay_snake_entry_six_corridors, patterned_corridor,
          serial_bayou_shore_b
Lair:4:   grunt_megastairs_4, serial_bayou_shore_b
Lair:5:   slime_altar_1, grunt_megastairs_5
Lair:6:   wormcave, guppyfry_lair_end_dragon
Swamp:1:  evilmike_swamp_ruin_house_2, uniq_donald, uniq_aizul
Swamp:2:  evilmike_swamp_ruin_rubble_1
Snake:1:  minmay_shop_grove, lemuel_fruit_tree
Snake:2:  uniq_louise
Snake:3:  serial_bayou_shore_b, uniq_azrael
Slime:1:  cheibrodos_slime_lost_civilization_7
Orc:2:    kennysheep_orc_mage_school
Abyss:3:  dshaligram_kb_abyss_rune_zappy_water_cross,
          hangedman_abyss_or_decor_lesser_grid
Bazaar:   bazaar_general_marketplace

Skill      XL: |  1  2  3  4  5  6  7  8  9 10 11 12 13 14 15 |
---------------+----------------------------------------------+-----
Bows           | 2 3 4 6 7 8 9 10 11 12 | 12.5
Dodging        | 2 3 4 5 6 7 |  7.4
Spellcasting   | 2 3 4 5 6 7 9 10 11 12 | 12.3
Hexes          | 4 5 6 7 8 9 11 12 | 12.4
Fighting       | 2 3 4 5 6 7 8 9 |  9.4
Stealth        | 1 2 3 4 |  4.0
Armour         | 1 2 3 4 |  4.3
Fire Magic     | 1 |  1.4
Long Blades    | 2 3 4 5 |  5.6
Evocations     | 1 |  1.1
Summonings     | 4 5 6 |  6.0
Invocations    | 2 4 |  4.0
Ice Magic      | 1 2 |  2.2
Charms         | 1 |  1.3
Air Magic      | 2 |  2.1
Short Blades   | |  0.5
Conjurations   | |  0.6
Earth Magic    | |  0.1

Action                   |  1- 3 |  4- 6 |  7- 9 | 10-12 | 13-15 || total
-------------------------+-------+-------+-------+-------+-------++-------
Melee: Dagger            |    67 |     7 |    37 |       |       ||   111
       Short sword       |    11 |   110 |       |       |       ||   121
       Unarmed           |     4 |       |       |       |       ||     4
       Whip              |       |       |    36 |       |       ||    36
       Dire flail        |       |       |   160 |    74 |       ||   234
       Scythe            |       |       |    23 |       |       ||    23
       Shortbow          |       |       |     1 |       |       ||     1
       Scimitar          |       |       |       |   451 |   292 ||   743
       Kick              |       |       |       |       |   114 ||   114
       Triple sword      |       |       |       |       |     4 ||     4
 Fire: Shortbow          |    82 |    14 |   182 |   440 |   159 ||   877
       Longbow           |       |       |       |       |   789 ||   789
Throw: Tomahawk          |       |       |     2 |     4 |       ||     6
 Cast: Corona            |    51 |    29 |    45 |    86 |    30 ||   241
       Slow              |     5 |    14 |    55 |   124 |   141 ||   339
       Inner Flame       |       |     2 |     4 |    10 |       ||    16
       Cause Fear        |       |       |       |     6 |       ||     6
       Leda's Liquefacti |       |       |       |     1 |       ||     1
       Tukima's Dance    |       |       |       |    36 |    62 ||    98
       Ozocubu's Armour  |       |       |       |    11 |     9 ||    20
       Fulminant Prism   |       |       |       |     3 |       ||     3
       Gell's Gravitas   |       |       |       |     2 |       ||     2
       Repel Missiles    |       |       |       |     1 |     3 ||     4
       Summon Butterflie |       |       |       |     1 |       ||     1
       Summon Lightning  |       |       |       |       |    36 ||    36
       Summon Ice Beast  |       |       |       |       |    25 ||    25
       Swiftness         |       |       |       |       |     3 ||     3
       Portal Projectile |       |       |       |       |     1 ||     1
Invok: Heroism           |       |       |       |     3 |     2 ||     5
       Finesse           |       |       |       |       |     1 ||     1
       Depart the Abyss  |       |       |       |       |     1 ||     1
Evoke: Wand              |       |       |     4 |     6 |     1 ||    11
       Phial of floods   |       |       |       |       |     1 ||     1
  Use: Scroll            |     3 |     1 |     6 |    17 |    20 ||    47
       Potion            |       |       |     3 |       |     4 ||     7
 Stab: Sleeping          |       |     1 |     3 |       |       ||     4
       Distracted        |       |       |       |     3 |     3 ||     6
  Eat: Chunk             |     7 |     5 |    15 |    26 |    26 ||    79
       Beef jerky        |       |     1 |     1 |       |     1 ||     3
       Meat ration       |       |       |       |     1 |       ||     1
       Fruit             |       |       |       |     3 |    18 ||    21
       Royal jelly       |       |       |       |       |     2 ||     2
Armor: Robe              |    31 |    56 |    85 |       |       ||   172
       Leather armour    |       |       |   114 |   274 |       ||   388
       Skin              |       |       |       |     2 |     5 ||     7
       Scale mail        |       |       |       |    27 |    77 ||   104
       Steam dragon scal |       |       |       |       |   240 ||   240
Dodge: Dodged            |    77 |    85 |   245 |   556 |   564 ||  1527
       Deflected         |       |       |       |     1 |    12 ||    13
Block: Other             |       |       |       |    32 |    98 ||   130
       Reflection        |       |       |       |     4 |     1 ||     5
       Rpst.: Scimitar   |       |       |       |    97 |    89 ||   186
